cohdb
Replays
Latest Replays
All Replays
Popular Replays
Top Player Replays
Match Explorer
How It Works
Community
CoH3 Stats
Reddit
Sign in to upload your games and track your stats! →
Sign in with Steam
Match 40369108
Unlisted
Match 40369108
Overview
Messages
Build Orders
End
Selects Airborne Battlegroup
Selects Airborne Battlegroup
Construct Weapon Support Center
Selects Heavy Machine Gun Paradrop
Heavy Machine Gun Paradrop
Engineer Squad
Heavy Machine Gun Paradrop
Infantry Support Center
Selects Paratrooper Squad Paradrop
Paratrooper Squad Paradrop
Paratrooper Squad Paradrop
M3 Armored Personnel Carrier
Selects Anti-tank Gun Team Paradrop
Anti-tank Gun Team Paradrop
Advanced Logistics
Selects Recon Loiter
Kylen
runningDuck
와 시바 아이디 또해킹당했노
圣战士阿凡提
Arkho
[lwr]ロム Ram & Rom ラム
0
0
Comments
sign in to comment!
No comments posted yet!